 Dungeon Crawl Stone Soup version 0.26-a0-812-g31a745ddcd (webtiles) character file.

Game seed: 10346854883428763587

996 mhoghedin the Magician (level 7, -5/46 HPs)
             Began as a Mummy Ice Elementalist on Nov 21, 2020.
             Was a Follower of Vehumet.
             Slain by a killer bee (10 damage)
             ... on level 6 of the Dungeon.
             The game lasted 00:13:08 (6951 turns).

mhoghedin the Magician (Mummy Ice Elementalist)     Turns: 6951, Time: 00:13:08

Health: -5/46      AC:  4    Str: 12    XL:     7   Next: 99%
Magic:  12/17      EV: 12    Int: 18    God:    Vehumet [*.....]
Gold:   183        SH:  0    Dex: 12    Spells: 7/19 levels left

rFire    x . .     SeeInvis .   g - +1 dagger (venom)
rCold    + + .     Faith    .   (no shield)
rNeg     + + +     Spirit   .   p - +2 robe "Hekkor" {rC+ rCorr Int+2 Stlth+}
rPois    ∞         Reflect  .   (no helmet)
rElec    .         Harm     .   (no cloak)
rCorr    +         Rampage  .   (no gloves)
MR       .....                  (no boots)
Stlth    +++.......             (no amulet)
HPRegen  0.15/turn              (no ring)
MPRegen  0.15/turn              (no ring)

@: frozen ramparts
A: no potions, fire vulnerability, cold resistance 1, negative energy resistance
3, torment resistance, unbreathing
a: Renounce Religion


You were on level 6 of the Dungeon.
You worshipped Vehumet.
Vehumet was aware of your devotion.
You visited 1 branch of the dungeon, and saw 6 of its levels.

You collected 331 gold pieces.
You spent 148 gold pieces at shops.

Inventory:

Hand Weapons
 d - a +0 dagger
   (You took it off a goblin on level 1 of the Dungeon)
 f - a +0 hand axe
   (You found it on level 1 of the Dungeon)
 g - a +1 dagger of venom (weapon)
   (You took it off a goblin on level 1 of the Dungeon)
Missiles
 c - 26 poisoned darts (quivered)
Armour
 p - the +2 robe "Hekkor" (worn) {rC+ rCorr Int+2 Stlth+}
   (You bought it in a shop on level 6 of the Dungeon)

   It affects your intelligence (+2).
   It protects you from cold.
   It provides partial protection from all sources of acid and corrosion.
   It makes you more stealthy.
Wands
 e - a wand of digging (3)
   (You found it on level 6 of the Dungeon)
Scrolls
 b - a scroll of enchant weapon
 h - a scroll of amnesia
 i - a scroll of immolation {!r}
 j - a scroll of vulnerability {unknown}
 l - a scroll of fog
 m - a scroll of magic mapping {!r}
 o - a scroll of identify


   Skills:
 - Level 1.5 Dodging
 - Level 1.5 Stealth
 - Level 6.6 Spellcasting
 + Level 3.1 Conjurations
 + Level 6.4 Ice Magic


You had 7 spell levels left.
You knew the following spells:

 Your Spells              Type           Power        Failure   Level
a - Freeze                Ice            ####         1%          1
b - Frozen Ramparts       Ice            ####..       2%          3
c - Hailstorm             Conj/Ice       ###.....     16%         4
d - Animate Skeleton      Necr           #.....       11%         1
A - Ozocubu's Armour      Ice            ####....     2%          3

Your spell library contained the following spells:

 Spells                   Type           Power        Failure   Level
 Magic Dart               Conj           ###.         3%          1
 Apportation              Tloc           #.....       11%         1
 Corona                   Hex            #......      11%         1
 Summon Small Mammal      Summ           #...         11%         1
 Summon Ice Beast         Ice/Summ       ###.....     30%         4


Dungeon Overview and Level Annotations

Branches:
Dungeon (6/15)             Temple (0/1) D:5

Altars:
Ashenzari
Cheibriados
Gozag
Nemelex Xobeh
Okawaru
Qazlal
Ru
Vehumet
Xom
Yredelemnul

Shops:
D:6 *[[[

Annotations:
D:6 1 transporter, p0werm0de's ghost, novice DDFi


Innate Abilities, Weirdness & Mutations

You do not drink.
Your flesh is vulnerable to fire.
You are immune to poison.
Your flesh is cold resistant. (rC+)
You are immune to negative energy. (rN+++)
You are immune to unholy pain and torment.
You can survive without breathing.


Message History

There is an entrance to Xayxitapn's Assorted Antiques here.
There is an entrance to Ziukarol's Antique Armour Boutique here.
p - a warped robe Thank you for shopping at Ziukarol's Antique Armour Boutique!
Your cursed +0 robe is stuck to your body!
As you read the scroll of remove curse, it crumbles to dust.
You feel as if something is helping you.
You start removing your armour.
You continue taking off your +0 robe. x4
You finish taking off your +0 robe.
You start putting on your armour.
You continue putting on your warped robe. x5
You finish putting on the +2 robe "Hekkor" {rC+ rCorr Int+2 Stlth+}.
You feel clever.
You drop a +0 robe.
You drop a +0 robe.
There is an entrance to Xayxitapn's Assorted Antiques here.
There is an entrance to Ruemets's Antique Armour Boutique here.
There is an entrance to Poocyac's Armour Boutique here.
There is an entrance to Ruemets's Antique Armour Boutique here.
Partly explored, unvisited transporter.
Partly explored, unvisited transporter.
The killer bee buzzes angrily.
The queen bee buzzes angrily.
You hear an angry buzzing noise. x2
There is a transporter here.
You enter the transporter and appear at another place.
The killer bee stings you but does no damage.
The killer bee buzzes angrily.
Okay, then.
Unknown command.
The walls around you are covered in ice.
The killer bee buzzes angrily.
The wall freezes the killer bee.
The killer bee stings you.
The wall freezes the killer bee. x2; The killer bee misses you.
The wall freezes the killer bee.
The killer bee stings you!
The wall freezes the killer bee.
The wall freezes the killer bee but do no damage.
The killer bee barely misses you.
You take 11 damage, and have 35/46 hp.
MASSIVE DAMAGE!!
You now have 14/17 mp.
The wall freezes the killer bee.
The wall freezes the killer bee but do no damage.
The wall freezes the killer bee. x2
The killer bee stings you but does no damage.
The wall freezes the killer bee.
The killer bee stings you!
The wall freezes the killer bee. x3; The killer bee stings you!
The wall freezes the killer bee.
The killer bee stings you!
* * * LOW HITPOINT WARNING * * *
The wall freezes the killer bee. x2
You take 22 damage, and have 13/46 hp.
MASSIVE DAMAGE!!
Unknown command.
You cannot sustain more frozen ramparts right now.
Unknown command.
Unknown command.
The killer bee buzzes angrily.
You hit the killer bee.
You kill the killer bee!
Vehumet accepts your kill.
The wall freezes the killer bee.
The killer bee barely misses you.
The wall freezes the killer bee. x2
Okay, then.
Unknown command.
A film of ice covers your body!
The wall freezes the killer bee but do no damage.
The wall freezes the killer bee.
The killer bee stings you but does no damage.
The wall freezes the killer bee.
You kill the killer bee!
Vehumet accepts your kill.
The wall freezes the killer bee.
You kill the killer bee!
Vehumet accepts your kill.
Your Conjurations skill increases to level 3!
The wall freezes the killer bee but do no damage.
You now have 11/17 mp.
Your icy armour cracks and falls away as you move.
The wall freezes the killer bee.
The killer bee stings you but does no damage.
The wall freezes the killer bee.
The killer bee closely misses you.
You see here a blue potion.
The wall freezes the killer bee.
The killer bee misses you.
The wall freezes the queen bee.
The queen bee calls on the killer bee to defend it!
The killer bee goes berserk!
The wall freezes the killer bee.
The killer bee barely misses you.
The wall freezes the killer bee but do no damage.
The killer bee closely misses you.
You see here 2 blue potions.
Unknown command.
The wall freezes the killer bee.
The killer bee stings you!
* * * LOW HITPOINT WARNING * * *
The wall freezes the queen bee.
You take 8 damage, and have 5/46 hp.
Unknown command.
Unknown command.
The wall freezes the killer bee. x2
The wall freezes the killer bee.
The killer bee misses you.
The wall freezes the killer bee.
The killer bee stings you!
You die...

#.....#..#.##...#.!.##.......#
##..####...##W###.#.##.#.....#
#### #...##...#...##.###....
#...#.#.#.#.#$#.# #...#
##..#..#...#.$#.###...#
#.©#©.#.#.#.y#©......#
##.#!.#.!.#.y#.###...#
#.#.#y#y#.#.#........
#.##@..#y..##....!...
#.##.#.#.#.##........
#.##...#...##........
#.###.###.###...##...
#..#########...###..#
##..###.###..)..##..#
##............##...#
####..............#
###....(.#.......#


You could see a queen bee and a killer bee (berserk).

Vanquished Creatures
  2 orc warriors (D:6)
  2 ogres
  3 killer bees (D:6)
  4 crimson imps (D:3)
  2 orc priests
  A jelly (D:5)
  An orc wizard (D:2)
  2 worker ants
  A howler monkey zombie (D:4)
  3 adders (D:2)
  4 gnolls (D:5)
  A shadow imp (D:3)
  An adder skeleton (D:6)
  6 worms
  2 dart slugs
  2 leopard geckos
  13 orcs
  2 ball pythons
  7 giant cockroaches
  8 goblins
  A hobgoblin (D:2)
  4 jackals (D:1)
  7 kobolds
  A quokka (D:3)
  A ball python skeleton (D:5)
  6 bats
  2 frilled lizards
  A jackal skeleton (D:6)
  A quokka skeleton (D:5)
  10 rats
101 creatures vanquished.

Notes
Turn   | Place    | Note
-------+----------+-------------------------------------------
     0 | D:1      | mhoghedin the Mummy Ice Elementalist began the quest for
                  | the Orb.
     0 | D:1      | Reached XP level 1. HP: 13/13 MP: 4/4
   243 | D:1      | Reached skill level 3 in Spellcasting
   248 | D:1      | Reached XP level 2. HP: 14/19 MP: 1/6
  1322 | D:1      | Reached XP level 3. HP: 24/24 MP: 8/8
  1661 | D:2      | HP: 3/24 [orc/+0 trident (5)]
  2006 | D:2      | Reached skill level 4 in Spellcasting
  2212 | D:2      | Learned a level 3 spell: Frozen Ramparts
  2216 | D:2      | Learned a level 3 spell: Ozocubu's Armour
  2269 | D:2      | HP: 5/24 [kobold/+0 short sword (5)]
  2274 | D:2      | Reached skill level 4 in Ice Magic
  2506 | D:2      | Found an iron altar of Okawaru.
  2522 | D:2      | Reached XP level 4. HP: 26/30 MP: 2/10
  3146 | D:2      | Found a sparkling altar of Nemelex Xobeh.
  3148 | D:2      | Found an opulent altar of Gozag.
  3154 | D:2      | Reached skill level 5 in Spellcasting
  3154 | D:2      | Reached XP level 5. HP: 30/35 MP: 10/12
  3515 | D:3      | Found a shimmering altar of Xom.
  3559 | D:3      | Reached XP level 6. HP: 29/41 MP: 4/14
  3654 | D:3      | Found a broken altar of Ashenzari.
  3712 | D:3      | Found a radiant altar of Vehumet.
  3723 | D:3      | Became a worshipper of Vehumet
  4534 | D:4      | Found an opulent altar of Gozag.
  4610 | D:4      | Reached skill level 5 in Ice Magic
  4672 | D:4      | Reached skill level 6 in Spellcasting
  5290 | D:4      | Found a sacrificial altar of Ru.
  5349 | D:5      | Entered Level 5 of the Dungeon
  5349 | D:5      | Found a stormy altar of Qazlal.
  5560 | D:5      | Found a snail-covered altar of Cheibriados.
  5727 | D:5      | Learned a level 4 spell: Hailstorm
  5783 | D:5      | Found a staircase to the Ecumenical Temple.
  6034 | D:5      | Reached XP level 7. HP: 29/46 MP: 13/17
  6210 | D:6      | Reached skill level 1 in Conjurations
  6315 | D:6      | Noticed p0werm0de's ghost (novice DDFi)
  6344 | D:6      | Learned a level 1 spell: Animate Skeleton
  6358 | D:6      | Found a transporter.
  6363 | D:6      | Found a basalt altar of Yredelemnul.
  6365 | D:6      | Found a transporter.
  6365 | D:6      | Noticed a queen bee
  6506 | D:6      | Reached * piety under Vehumet
  6506 | D:6      | Offered knowledge of Magic Dart by Vehumet.
  6540 | D:6      | Reached skill level 2 in Conjurations
  6544 | D:6      | Reached skill level 6 in Ice Magic
  6825 | D:6      | Found Ziukarol's Antique Armour Boutique.
  6827 | D:6      | Found Poocyac's Armour Boutique.
  6829 | D:6      | Found Ruemets's Antique Armour Boutique.
  6830 | D:6      | Found Xayxitapn's Assorted Antiques.
  6845 | D:6      | Bought a warped robe for 148 gold pieces
  6856 | D:6      | Identified the +2 robe "Hekkor" {rC+ rCorr Int+2 Stlth+}
                  | (You bought it in a shop on level 6 of the Dungeon)
  6946 | D:6      | Reached skill level 3 in Conjurations
  6949 | D:6      | HP: 5/46 [killer bee (9)]
  6951 | D:6      | Slain by a killer bee

Illustrated notes

Levels and vault maps discovered:
D:1:      wheals_arrival_linesprint, layout_loops_ring, minmay_bisected
D:2:      layout_rooms, grunt_temple_overflow_opulence, okawaru_gym_becter
D:3:      layout_basic, lemuel_round_altar, led_xom_imps, vehumet_crystals
D:4:      layout_basic, marbit_many_paths,
          nicolae_gozag_cash_rules_everything_around_me
D:5:      layout_basic, slow_altar_2, minmay_temple_entry_glass,
          grunt_qazlal_clouds
D:6:      layout_cave_pools, old_standard_altar, gammafunk_ghost_hive,
          minmay_shop_grid_forest, minmay_circle_x

Skill      XL: |  1  2  3  4  5  6  7 |
---------------+----------------------+-----
Spellcasting   | 3 4 5 6 |  6.6
Ice Magic      | 4 5 6 |  6.4
Conjurations   | 3 |  3.1
Dodging        | |  1.5
Stealth        | |  1.5

Action                   |  1- 3 |  4- 6 |  7- 9 || total
-------------------------+-------+-------+-------++-------
Melee: Unarmed           |     6 |       |       ||     6
       Dagger            |    62 |   136 |    23 ||   221
Throw: Dart              |    19 |     9 |     1 ||    29
 Cast: Freeze            |    25 |       |     3 ||    28
       Frozen Ramparts   |     1 |     9 |     4 ||    14
       Ozocubu's Armour  |       |     1 |     1 ||     2
  Use: Scroll            |       |     9 |     2 ||    11
 Stab: Sleeping          |       |     3 |       ||     3
Armor: Robe              |    19 |    13 |     7 ||    39
Dodge: Dodged            |    85 |    79 |    18 ||   182

Table legend: (Time is in decaauts)
 A = Elapsed time spent in this place.
 B = Non-inter-level travel time spent in this place.
 C = Inter-level travel time spent in this place.
 D = Time resting spent in this place.
 E = Time spent auto-exploring this place.
 F = Levels seen in this place.
 G = Mean time per level.
                   A        B        C        D        E       F      G
               +--------+--------+--------+--------+--------+-----+--------+
         Total |   6950 |   6699 |    251 |   2148 |   3629 |   6 | 1158.3 |
       Dungeon |   6950 |   6699 |    251 |   2148 |   3629 |   6 | 1158.3 |
               +--------+--------+--------+--------+--------+-----+--------+

Top non-repeatable levels by time:
     D:1: 1855 daAuts
     D:2: 1595 daAuts
     D:3: 1012 daAuts
     D:4: 885 daAuts
     D:5: 844 daAuts
     D:6: 756 daAuts

Table legend:
 A = Kills in this place as a percentage of kills in entire the game.
 B = Kills by you in this place as a percentage of kills by you in the entire game.
 C = Kills by friends in this place as a percentage of kills by friends in the entire game.
 D = Other kills in this place as a percentage of other kills in the entire game.
 E = Experience gained in this place as a percentage of experience gained in the entire game.
 F = Experience gained in this place divided by the number of levels of this place that you have seen.
                   A       B       C       D       E      F
               +-------+-------+-------+-------+-------+----------------------
         Total | 100.0 | 100.0 |   N/A |   N/A | 100.0 | 237.2
       Dungeon | 100.0 | 100.0 |   N/A |   N/A | 100.0 | 237.2
               +-------+-------+-------+-------+-------+----------------------
